 Dungeon Crawl Stone Soup version 0.20.1-1-g8b1a95d66d (webtiles) character file.

124 LarsimusPrime the Chopper (level 5, -1/47 HPs)
             Began as a Hill Orc Monk on Nov 18, 2017.
             Slain by Sigmund
             ... wielding a +0 scythe
              (8 damage)
             ... on level 3 of the Dungeon.
             The game lasted 00:07:41 (2219 turns).

LarsimusPrime the Chopper (Hill Orc Monk)           Turns: 2219, Time: 00:07:42

Health: -1/47      AC:  8    Str: 15    XL:     5   Next: 8%
Magic:  5/5        EV:  7    Int: 10    God:
Gold:   74         SH:  0    Dex: 13    Spells: 4/4 levels left

rFire    . . .     SeeInvis +   n - +0 war axe
rCold    . . .     Gourm    .   (no shield)
rNeg     . . .     Faith    +   m - +0 chain mail
rPois    .         Spirit   .   (no helmet)
rElec    .         Reflect  .   (no cloak)
rCorr    .         Harm     .   (no gloves)
MR       .....     Rnd*Tele +   (no boots)
Stlth    ..........             g - amulet of faith
Regen    0.2/turn               e - ring of teleportation (curse)
MPRegen  0.1/turn               i - ring of see invisible

@: no status effects
A: no striking features
a: no special abilities


You were on level 3 of the Dungeon.
You were not hungry.

You visited 1 branch of the dungeon, and saw 3 of its levels.

You collected 74 gold pieces.

Inventory:

Hand Weapons
 a - a +1 hand axe
 n - a +0 war axe (weapon)
Armour
 b - a +0 robe
 d - a +0 leather armour
 m - a +0 chain mail (worn)
Jewellery
 e - a cursed ring of teleportation (left hand)
 g - an amulet of faith (around neck)
 i - a ring of see invisible (right hand)
 j - an uncursed ring of wizardry
Scrolls
 k - a scroll of magic mapping
 l - a scroll of enchant weapon
 q - 2 scrolls of identify
Potions
 h - 2 potions of heal wounds
 p - a potion of flight {unknown}
 r - a potion of experience {unknown}
Books
 o - a book of Cantrips

   Spells                             Type                      Level
   a - Confusing Touch                Hexes                        1
   b - Animate Skeleton               Necromancy                   1
   c - Summon Small Mammal            Summoning                    1
   d - Apportation                    Translocation                1
Comestibles
 c - 2 bread rations
 f - a chunk of flesh


   Skills:
 + Level 4.6 Fighting
 + Level 5.9 Axes
 + Level 2.2 Armour
 - Level 2.4 Dodging
 - Level 1.5 Stealth


You had 4 spell levels left.
You didn't know any spells.

Dungeon Overview and Level Annotations

Branches:
Dungeon (3/15)

Altars:
Cheibriados
Kikubaaqudgha
The Shining One

Annotations:
D:3 Sigmund


Message History

Sigmund is lightly wounded.
Sigmund closely misses you.
You completely miss Sigmund.
Sigmund is lightly wounded.
You barely miss Sigmund.
Sigmund is lightly wounded.
Sigmund hits you with a scythe!
* * * LOW HITPOINT WARNING * * *
You barely miss Sigmund.
Sigmund is lightly wounded.
Sigmund gestures at you while chanting. The magic dart hits you!
* * * LOW HITPOINT WARNING * * *
You hit Sigmund.
Sigmund is moderately wounded.
Sigmund closely misses you.
You hit Sigmund.
Sigmund is moderately wounded.
Sigmund hits you with a scythe!
You die...

#.# .# #.# .#
#.# .# #.# .#
#.# # .# #.#
#. .# #.#
#.########@#
###.#
#........@.#
...(#
###..#######
###(# #..#
....# #..#
###(# #..# #
#(# #..# # #.#
#..##
###.######...#
...).......#.#


You could see Sigmund.

Vanquished Creatures
  Jessica (D:3)
  4 adders (D:2)
  3 oozes
  2 dart slugs
  A leopard gecko (D:2)
  2 giant cockroaches
  8 hobgoblins
  2 ball pythons
  8 bats
  2 frilled lizards
  3 goblins
  6 kobolds
  5 rats
47 creatures vanquished.

Notes
Turn   | Place    | Note
-------+----------+-------------------------------------------
     0 | D:1      | LarsimusPrime the Hill Orc Monk began the quest for the Orb.
     0 | D:1      | Reached XP level 1. HP: 19/19 MP: 1/1
   407 | D:1      | Reached XP level 2. HP: 27/27 MP: 2/2
   884 | D:1      | Reached XP level 3. HP: 33/33 MP: 3/3
   907 | D:1      | Reached skill level 1 in Armour
  1024 | D:2      | Found a snail-covered altar of Cheibriados.
  1024 | D:2      | Found a glowing golden altar of the Shining One.
  1341 | D:2      | Reached skill level 5 in Axes
  1526 | D:2      | Found an ancient bone altar of Kikubaaqudgha.
  1537 | D:2      | Reached XP level 4. HP: 36/41 MP: 4/4
  1948 | D:3      | Noticed Jessica
  1966 | D:3      | Killed Jessica
  1966 | D:3      | Reached XP level 5. HP: 32/47 MP: 5/5
  2211 | D:3      | Noticed Sigmund
  2219 | D:3      | Slain by Sigmund

Skill      XL: |  1  2  3  4 |
---------------+-------------+-----
Fighting       | 4 |  4.6
Armour         | 1 2 |  2.2
Axes           | 5 |  5.9
Dodging        | |  2.4
Stealth        | |  1.5

Action                   |  1- 3 |  4- 6 || total
-------------------------+-------+-------++-------
Melee: Hand axe          |   103 |    19 ||   122
       War axe           |       |    32 ||    32
  Use: Scroll            |     4 |     2 ||     6
 Stab: Sleeping          |     3 |       ||     3
  Eat: Chunk             |     2 |     2 ||     4
Armor: Leather armour    |    27 |     1 ||    28
       Chain mail        |       |    27 ||    27
Dodge: Dodged            |    62 |    23 ||    85
